cohdb
Replays
Latest Replays
All Replays
Popular Replays
Top Player Replays
Match Explorer
How It Works
Community
CoH3 Stats
Reddit
Sign in to upload your games and track your stats! →
Sign in with Steam
Match 44741390
Unlisted
Match 44741390
Overview
Messages
Build Orders
End
Construct Infanterie Kompanie
Selects Terror Battlegroup
Selects Machine Gun Camouflage
MG 42 Machine Gun Team
Grenadier Squad
Grenadier Squad
MG 42 Machine Gun Team
MG 42 Machine Gun Team
Construct Panzergrenadier Kompanie
Selects Interrogate
Support Elements
GrW 34 Mortar Team
StuG III G Assault Gun
Nebelwerfer 42 Rocket Launcher Team
Pak 40 Anti-tank Gun Team
Selects Propaganda Leaflet Drop
Propaganda Leaflet Drop
MG 42 Bunker
Propaganda Leaflet Drop
Construct Panzer Kompanie
Pak 40 Anti-tank Gun Team
Propaganda Leaflet Drop
Sturmpanzer IV Brummbär
Selects V1 Rocket Strike
V1 Rocket Strike
Pioneer Squad
Panzer IV Medium Tank
Propaganda Leaflet Drop
Side Skirts
Propaganda Leaflet Drop
Pioneer Squad
Pioneer Squad
Selects No Quarter
Panzer IV Medium Tank
Propaganda Leaflet Drop
Pak 40 Anti-tank Gun Team
Pak 40 Anti-tank Gun Team
Skitsokiwi
L320Y
Daveos
Pie-Eater
BitofaLiability
0
0
Comments
sign in to comment!
No comments posted yet!